 Dungeon Crawl Stone Soup version 0.27-a0-906-g0a00ce863d (webtiles) character file.

Game seed: 4627111098397761018

1883 wakim the Insei (level 9, 0/75 HPs)
             Began as an Octopode Transmuter on Apr 6, 2021.
             Was an Initiate of Gozag.
             Succumbed to a killer bee's poison
             ... on level 8 of the Dungeon.
             The game lasted 00:33:04 (9471 turns).

wakim the Insei (Octopode Transmuter)               Turns: 9471, Time: 00:33:05

Health: 0/75       AC:  7    Str: 10    XL:     9   Next: 14%
Magic:  0/13       EV:  5    Int: 18    God:    Gozag
Gold:   614        SH:  0    Dex: 12    Spells: 5/14 levels left

rFire    . . .     SeeInvis .     - Unarmed
rCold    + . .     Faith    .   (shield currently unavailable)
rNeg     . . .     Spirit   +   (helmet currently unavailable)
rPois    +         Reflect  .   c - amulet of guardian spirit
rElec    .         Harm     .   a - ring of protection from cold
rCorr    .         Rampage  .   g - ring of wizardry
Will     .....                  (no ring)
Stlth    ++........             (no ring)
HPRegen  0.22/turn              (no ring)
MPRegen  0.13/turn              (no ring)
                                (no ring)
                                (no ring)

@: lethally poisoned (0 -> -2), about to teleport, hydra-form, held
A: fast swimmer, devour, boosted hp, almost no armour, amphibious, 8 rings, very
large, (camouflage 1), (gelatinous body 1), (nimble swimmer 1), (tentacles)
a: End Transformation, Renounce Religion, Potion Petition, Call Merchant, Bribe
Branch


You were on level 8 of the Dungeon.
You worshipped Gozag.
Gozag was pleased with you.
You were a two-headed hydra.
You visited 1 branch of the dungeon, and saw 8 of its levels.

You collected 709 gold pieces.
You paid 95 gold pieces to Gozag.

Inventory:

Missiles
 e - 5 poisoned darts
Armour
 h - a +2 tower shield
Jewellery
 a - a ring of protection from cold (left foreclaw)
 b - a ring of willpower
 c - an amulet of guardian spirit (around neck)
 g - a ring of wizardry (right foreclaw)
Wands
 v - a wand of flame (10)
 w - a wand of acid (6)
 y - a wand of paralysis (5)
Scrolls
 r - a scroll of identify
 R - a scroll of magic mapping
Potions
 d - a potion of degeneration {unknown}
 f - a potion of might {unknown}
 i - a potion of invisibility {unknown}
 A - 2 potions of ambrosia
 D - 2 potions of brilliance
 F - 2 potions of curing
 J - 3 potions of heal wounds
 K - 2 potions of magic


   Skills:
 + Level 3.7 Fighting
 + Level 5.4 Dodging
 * Level 3.0 Stealth
 * Level 7.9 Unarmed Combat
 - Level 3.0 Spellcasting
 * Level 5.4 Transmutations
 - Level 2.0 Poison Magic


You had 5 spell levels left.
You knew the following spells:

 Your Spells              Type           Power      Damage    Failure   Level
a - Beastly Appendage     Tmut           44%        N/A       1%          1
b - Hydra Form            Tmut           11%        N/A       21%         5
x - Spider Form           Tmut/Pois      8%         N/A       4%          3

Your spell library contained the following spells:

 Spells                   Type           Power      Damage    Failure   Level
 Wereblood                Tmut           22%        N/A       1%          2
 Freeze                   Ice            8%         1d3       6%          1
 Magic Dart               Conj           8%         1d3       6%          1
 Searing Ray              Conj           4%         3d3       10%         2
 Dazzling Flash           Conj/Hex       4%         N/A       19%         3
 Frozen Ramparts          Ice            4%         1d2       19%         3
 Gell's Gravitas          Tloc           1%         N/A       19%         3
 Ozocubu's Armour         Ice            2%         N/A       19%         3
 Portal Projectile        Hex/Tloc       4%         N/A       19%         3
 Ice Form                 Ice/Tmut       12%        N/A       21%         4
 Fulminant Prism          Conj/Hex       1%         3d6       52%         4
 Hailstorm                Conj/Ice       2%         3d3       52%         4
 Iskenderun's Mystic Bla  Conj/Tloc      2%         2d3       52%         4
 Passage of Golubria      Tloc           N/A        N/A       52%         4
 Summon Ice Beast         Ice/Summ       2%         N/A       52%         4
 Manifold Assault         Tloc           2%         N/A       85%         5
 Dispersal                Tloc           1%         N/A       100%        6
 Disjunction              Tloc           1%         N/A       100%        8


Dungeon Overview and Level Annotations

Branches:
Dungeon (9/15)
 Temple: D:4-7         Lair: D:8-11         Orc: D:9-12

Altars:
Ashenzari
Elyvilon
Gozag
Kikubaaqudgha
Okawaru
Ru
Xom

Shops:
D:6 *


Innate Abilities, Weirdness & Mutations

You are a two-headed hydra.
You swim very quickly.
You can devour living enemies to heal.
Your maximum health is greatly increased.
Your armour is entirely melded.
You are incapable of wielding weapons or throwing items.
You cannot wear most types of armour.
You are amphibious.
You can wear up to eight rings at the same time.
((Your skin changes colour to match your surroundings (Stealth+).))
((Your rubbery body absorbs attacks. (AC +1, EV +1)))
((You are camouflaged near water. (Stealth+)))
((You have tentacles for arms and can constrict up to eight enemies at once.))


Message History

A two-headed ogre comes into view.
It is wielding a +0 giant club and a +0 giant spiked club.
A gnoll and a centaur come into view.
You feel sick.
The gnoll shouts!
The killer bee buzzes angrily.
The orc shouts!
The gnoll throws a throwing net.
The throwing net hits you.
You become entangled in the net!
The orc priest invokes the aid of Beogh against you.
Beogh smites you!
* * * LOW HITPOINT WARNING * * *
A wolf comes into view.
You see here a throwing net.
You struggle against the net.
You feel sick.
The two-headed ogre shouts in stereo!
The centaur shouts!
An orc wizard comes into view. It is wielding a +0 dagger.
The orc priest casts a cantrip, but nothing happens.
You tear a large gash into the net.
You feel sick. The wolf bites you.
* * * LOW HITPOINT WARNING * * *
The wolf bites you.
* * * LOW HITPOINT WARNING * * *
As you read the scroll of teleportation, it crumbles to dust.
You feel strangely unstable.
You feel sick.
The killer bee buzzes angrily.
The wolf bites you but does no damage.
An orc comes into view. It is wielding a +0 hand axe.
The orc hits you but does no damage.
You shred the net and break free!
You feel sick. The wolf barely misses you.
The gnoll throws a throwing net.
The throwing net hits you.
You become entangled in the net!
The wolf bites you.
* * * LOW HITPOINT WARNING * * *
An orc warrior comes into view. It is wielding a +0 flail.
The orc hits you but does no damage.
You tear a large gash into the net.
You feel sick. The wolf bites you!
* * * LOW HITPOINT WARNING * * *
The orc priest looks encouraged for a moment.
The orc barely misses you. The wolf closely misses you.
The gnoll hits you with a +0 flail!
* * * LOW HITPOINT WARNING * * *
You struggle against the net.
You die...
Your body crumbles into a pile of gold.

#.##g#....##
#. #g#.....#
#.
#g#.g.....#
#.
....oo....#
..
###...oo###
.# ...g...y
. ...#.gyc#
.#.#..yo###
#.....gD.#
#....hgho#
#......oOo#
#.##........
. #........#
#........#
..##$/...#
.## #.....#


You could see a two-headed ogre, an orc warrior, 2 wolves, a centaur, a gnoll
shaman, 3 killer bees, 2 orc priests, an orc wizard, 4 gnolls and 4 orcs.

Vanquished Creatures
  A water moccasin (D:6)
  An ice beast (D:6)
  Duvessa (D:4)
  2 sky beasts
  2 black bears (D:6)
  An orc warrior (D:6)
  An ogre (D:6)
  A lemure (D:6)
  2 phantoms
  A kobold brigand (D:6)
  2 scorpions (D:5)
  Dowan (D:4)
  2 hounds
  A bullfrog zombie (D:6)
  A centaur skeleton (D:6)
  2 orc wizards
  A scorpion zombie (D:5)
  Natasha (thrice) (D:3)
  5 iguanas
  4 gnolls (D:5)
  A howler monkey skeleton (D:4)
  10 adders
  An ufetubus (D:6)
  An adder skeleton (D:4)
  A worm (D:2)
  3 dart slugs
  5 orcs
  6 ball pythons
  5 bats
  2 endoplasms (D:1)
  2 giant cockroaches (D:3)
  7 goblins
  10 hobgoblins
  12 jackals
  3 quokkas (D:1)
  3 frilled lizards
  14 kobolds
  5 rats
126 creatures vanquished.

Vanquished Creatures (others)
  5 fungi (D:9)
  10 plants (D:9)
15 creatures vanquished.

Grand Total: 141 creatures vanquished

Notes
Turn   | Place    | Note
-------+----------+-------------------------------------------
     0 | D:1      | wakim the Octopode Transmuter began the quest for the Orb.
     0 | D:1      | Reached XP level 1. HP: 13/13 MP: 3/3
   223 | D:1      | Reached skill level 1 in Stealth
   223 | D:1      | Reached XP level 2. HP: 18/18 MP: 3/5
   855 | D:1      | Reached XP level 3. HP: 20/23 MP: 4/6
  1109 | D:1      | Learned a level 3 spell: Spider Form
  1791 | D:2      | Found a faded altar of an unknown god.
  1842 | D:2      | Reached skill level 1 in Poison Magic
  1842 | D:2      | Reached XP level 4. HP: 23/28 MP: 4/7
  2574 | D:3      | Noticed Natasha
  2618 | D:3      | Killed Natasha
  2619 | D:3      | Reached skill level 4 in Unarmed Combat
  2664 | D:3      | Found a broken altar of Ashenzari.
  2923 | D:3      | Noticed Natasha
  2929 | D:3      | Reached XP level 5. HP: 20/33 MP: 4/8
  2939 | D:3      | Killed Natasha
  3098 | D:3      | Noticed Natasha
  3113 | D:3      | Killed Natasha
  3402 | D:3      | Found a sacrificial altar of Ru.
  4040 | D:4      | Reached XP level 6. HP: 38/38 MP: 9/9
  4746 | D:4      | Noticed Dowan
  5083 | D:4      | Reached skill level 5 in Unarmed Combat
  5458 | D:5      | Entered Level 5 of the Dungeon
  5566 | D:5      | Found an opulent altar of Gozag.
  5581 | D:5      | Became a worshipper of Gozag Ym Sagoz the Greedy
  5766 | D:5      | Reached XP level 7. HP: 22/43 MP: 3/10
  6153 | D:5      | Found a white marble altar of Elyvilon.
  6505 | D:5      | Learned a level 5 spell: Hydra Form
  6902 | D:5      | Found a shimmering altar of Xom.
  6934 | D:5      | Reached skill level 6 in Unarmed Combat
  7122 | D:5      | Found an iron altar of Okawaru.
  7443 | D:4      | Noticed Duvessa
  7459 | D:4      | Killed Duvessa
  7460 | D:4      | Reached XP level 8. HP: 41/50 MP: 8/12
  7463 | D:4      | Killed Dowan
  7847 | D:6      | Reached skill level 7 in Unarmed Combat
  8153 | D:6      | Reached skill level 5 in Dodging
  8296 | D:6      | Found Ybloxtat's General Store.
  8580 | D:6      | Reached skill level 5 in Transmutations
  8580 | D:6      | Reached XP level 9. HP: 24/57 MP: 7/13
  8839 | D:6      | Found an ancient bone altar of Kikubaaqudgha.
  9105 | D:6      | You fall into a shaft and drop 3 floors!
  9217 | D:9      | Noticed a troll
  9371 | D:9      | Noticed a two-headed ogre
  9465 | D:8      | Noticed a two-headed ogre
  9470 | D:8      | HP: 1/75 [gnoll/+0 flail (7)]
  9471 | D:8      | Succumbed to a killer bee's poison

Illustrated notes

Levels and vault maps discovered:
D:1:      giann_wishing_wells, layout_basic, kennysheep_minor_cross
D:2:      layout_basic, chequers_ecumenical_altar_lobes,
          hangedman_abyss_or_decor_lesser_grid, wad_floor_pattern_2,
          chequers_arboretum, kennysheep_generic_room_7
D:3:      layout_basic, nicolae_ru_great_annihilating_truth,
          nicolae_overflow_hidden_temple, uniq_natasha
D:4:      layout_loops_ring, uniq_duvessa
D:5:      layout_basic, amcnicky_altar_gilded, kennysheep_mini_moat,
          lemuel_doored_altar, nicolae_elyvilon_peaceful_grove
D:6:      layout_loops_ring, general_overflow_altar, serial_shops,
          nicolae_shop_statue_plus, kennysheep_generic_room_6, uniq_pikel
D:8:      layout_loops_ring, st_stairs_4, uniq_grum
D:9:      layout_long_grid, grunt_lair_entry_orc_guard_hut, uniq_erolcha

Skill      XL: |  1  2  3  4  5  6  7  8 |
---------------+-------------------------+-----
Stealth        | 1 3 |  3.0
Poison Magic   | 1 2 |  2.0
Unarmed Combat | 4 5 6 7 |  7.9
Dodging        | 3 4 5 |  5.4
Transmutations | 3 4 5 |  5.4
Spellcasting   | 3 |  3.0
Fighting       | 2 3 |  3.7

Action                   |  1- 3 |  4- 6 |  7- 9 || total
-------------------------+-------+-------+-------++-------
Melee: Unarmed           |    70 |   148 |   172 ||   390
       Constrict         |    18 |    28 |     4 ||    50
       Tentacles         |    12 |     9 |     2 ||    23
       Kick              |    15 |    30 |     2 ||    47
       Punch             |     4 |     3 |     1 ||     8
 Cast: Beastly Appendage |    26 |    31 |     4 ||    61
       Spider Form       |       |     7 |    20 ||    27
       Hydra Form        |       |       |     3 ||     3
  Use: Scroll            |       |     7 |    10 ||    17
       Potion            |       |     3 |     1 ||     4
 Stab: Sleeping          |     5 |     7 |     1 ||    13
       Paralysed         |       |     1 |       ||     1
Armor: Skin              |     4 |     4 |    27 ||    35
Dodge: Dodged            |    37 |    75 |   120 ||   232

Table legend: (Time is in decaauts)
 A = Elapsed time spent in this place.
 B = Non-inter-level travel time spent in this place.
 C = Inter-level travel time spent in this place.
 D = Time resting spent in this place.
 E = Time spent auto-exploring this place.
 F = Levels seen in this place.
 G = Mean time per level.
                   A        B        C        D        E       F      G
               +--------+--------+--------+--------+--------+-----+--------+
         Total |   9431 |   9012 |    419 |    939 |   6129 |   8 | 1178.9 |
       Dungeon |   9431 |   9012 |    419 |    939 |   6129 |   8 | 1178.9 |
               +--------+--------+--------+--------+--------+-----+--------+

Top non-repeatable levels by time:
     D:4: 2101 daAuts
     D:5: 1882 daAuts
     D:2: 1364 daAuts
     D:3: 1310 daAuts
     D:6: 1226 daAuts
     D:1: 1180 daAuts
     D:9: 348 daAuts
     D:8: 16 daAuts
